 Dungeon Crawl Stone Soup version 0.21.1-1-g345015f (webtiles) character file.

386 GrunderHorse the Shield-Bearer (level 7, -4/55 HPs)
             Began as a Formicid Fighter on Mar 16, 2018.
             Splashed by an orc wizard's acid (16 damage)
             ... on level 3 of the Dungeon.
             The game lasted 00:02:08 (2250 turns).

GrunderHorse the Shield-Bearer (Formicid Fighter)   Turns: 2250, Time: 00:02:10

Health: -4/55      AC:  7    Str: 22    XL:     7   Next: 6%
Magic:  7/7        EV:  6    Int:  8    God:
Gold:   65         SH: 10    Dex: 15    Spells: 6/6 levels left

rFire    . . .     SeeInvis +   a - +0 flail
rCold    . . .     Gourm    .   c - +0 shield
rNeg     . . .     Faith    .   n - +0 chain mail
rPois    .         Spirit   .   (helmet unavailable)
rElec    .         Reflect  .   m - +0 cloak
rCorr    .         Harm     .   (no gloves)
MR       .....                  (no boots)
Stlth    ..........             (no amulet)
HPRegen  0.18/turn              o - +5 ring of dexterity
MPRegen  0.10/turn              (no ring)

@: corroded
A: permanent stasis, dig shafts and tunnels, four strong arms, antennae 3
a: Dig, Shaft Self


You were on level 3 of the Dungeon.
You were hungry.

You visited 1 branch of the dungeon, and saw 3 of its levels.

You collected 65 gold pieces.

Inventory:

Hand Weapons
 a - a +0 flail (weapon)
Armour
 b - a +0 scale mail
 c - a +0 shield (worn)
 m - a +0 cloak (worn)
 n - a +0 chain mail (worn)
Jewellery
 o - a +5 ring of dexterity (left hand)
Scrolls
 e - 4 scrolls of identify {unknown}
 h - a scroll of enchant armour {unknown}
 k - 2 scrolls of amnesia {unknown}
 l - 2 scrolls of teleportation {unknown}
 p - a scroll of remove curse {unknown}
Potions
 i - a potion of curing {unknown}
 j - a potion of degeneration {unknown}
 r - a potion of mutation {unknown}
Books
 d - a book of Maledictions

   Spells                             Type                      Level
   a - Corona                         Hexes                        1
   b - Ensorcelled Hibernation        Hexes/Ice                    2
   c - Confuse                        Hexes                        3
   d - Tukima's Dance                 Hexes                        3
   e - Dazzling Spray                 Conjuration/Hexes            3
Comestibles
 f - 6 rations


   Skills:
 + Level 4.9 Fighting
 + Level 3.7 Maces & Flails
 + Level 4.9 Armour
 + Level 5.4 Shields


You had 6 spell levels left.
You didn't know any spells.

Dungeon Overview and Level Annotations

Branches:
Dungeon (3/15)

Altars:
Wu Jian


Innate Abilities, Weirdness & Mutations

You cannot be hasted, slowed, berserked, paralysed or teleported.
You can dig through walls and to a lower floor.
Your four strong arms can wield two-handed weapons with a shield.
You have a pair of large antennae on your head. (SInv)


Message History

You kill the orc!
The orc wizard points at you and mumbles some strange words.
You easily resist.
An orc wizard is nearby!
The orc wizard zaps a wand.
The bolt of acid hits you!
You are splashed with acid!
The acid burns!
It is a wand of acid (10).
An orc wizard is nearby!
You are too injured to fight recklessly!
An orc wizard is nearby!
You are too injured to fight recklessly!
An orc wizard is nearby!
You are too injured to fight recklessly!
An orc wizard is nearby!
You completely miss the orc wizard.
The orc wizard casts a spell.
The orc wizard blinks!
The orc wizard zaps a wand.
The bolt of acid hits you!
* * * LOW HITPOINT WARNING * * *
The acid corrodes you!
You are splashed with acid!
The acid burns!
You die...

.#...##.....##.#
.#...####.####.#
...............#########
#..)......####...)...[..
#..###'#### ##..†......
##.# #.# #.........
...###.# #.........
..(.##.# ####).....o..
....##.# #....@.......
....##'#####.#.##'#####'
.............#....#{
...#.........######
###..........#
#..........# {
#..........#
#...>..###.# #......#
#.#


You could see an orc wizard.

Vanquished Creatures
  Sigmund (D:2)
  A bullfrog (D:2)
  A crimson imp (D:3)
  A hound (D:3)
  5 adders
  An ooze (D:3)
  2 worms
  A dart slug (D:1)
  4 leopard geckos
  2 orcs
  2 ball pythons
  6 bats
  A giant cockroach (D:3)
  A goblin (D:3)
  5 hobgoblins
  3 quokkas
  5 frilled lizards
  5 kobolds
  8 rats
55 creatures vanquished.

Notes
Turn   | Place    | Note
-------+----------+-------------------------------------------
     0 | D:1      | GrunderHorse the Formicid Fighter began the quest for the Orb.
     0 | D:1      | Reached XP level 1. HP: 18/18 MP: 1/1
   126 | D:1      | Reached XP level 2. HP: 22/24 MP: 2/2
   897 | D:2      | Reached skill level 4 in Shields
   897 | D:2      | Reached XP level 3. HP: 24/29 MP: 3/3
   960 | D:2      | Noticed a bullfrog
   969 | D:2      | Killed a bullfrog
   969 | D:2      | Reached XP level 4. HP: 29/37 MP: 4/4
   983 | D:2      | Reached XP level 5. HP: 20/42 MP: 5/5
  1289 | D:2      | Noticed Sigmund
  1305 | D:2      | Killed Sigmund
  1305 | D:2      | Reached skill level 5 in Shields
  1305 | D:2      | Reached XP level 6. HP: 28/49 MP: 6/6
  1868 | D:3      | Found an ornate altar of the Wu Jian Council.
  2091 | D:3      | Reached XP level 7. HP: 55/55 MP: 7/7
  2250 | D:3      | Splashed by an orc wizard's acid

Skill      XL: |  1  2  3  4  5 |
---------------+----------------+-----
Shields        | 4 5 |  5.4
Fighting       | 4 |  4.9
Armour         | 4 |  4.9
Maces & Flails | 3 |  3.7

Action                   |  1- 3 |  4- 6 |  7- 9 || total
-------------------------+-------+-------+-------++-------
Melee: Flail             |    56 |   118 |    14 ||   188
  Use: Potion            |       |     3 |       ||     3
  Eat: Chunk             |       |     4 |       ||     4
Armor: Scale mail        |     7 |       |       ||     7
       Chain mail        |    27 |    80 |     5 ||   112
Dodge: Dodged            |    18 |    33 |     2 ||    53
Block: Shield            |    34 |    96 |    10 ||   140
